 Dungeon Crawl Stone Soup version 0.17.0-56-gd8de76c (webtiles) character file.

27201 fredomojojo the Blocker (level 13, -9/114 HPs)
             Began as a Minotaur Fighter on Dec 5, 2015.
             Was an Elder of Trog.
             Mangled by a fire giant
             ... wielding a +1 great sword of flaming
              (18 damage)
             ... on level 15 of the Dungeon on Dec 6, 2015.
             The game lasted 03:27:43 (13444 turns).

fredomojojo the Blocker (Minotaur Fighter)         Turns: 13444, Time: 03:27:45

Health: -9/114     AC: 21    Str: 30    XL:     13   Next: 3%
Magic:  12/12      EV: 14    Int:  5    God:    Trog [****..]
Gold:   903        SH:  0    Dex: 11    Spells: 0 memorised, 12 levels left

rFire  + . .     SeeInvis .     p - +9 glaive of Law {holy, +Blink rN+ Str+3}
rCold  . . .     Clarity  .     b - +5 plate armour
rNeg   + . .     SustAt   .     (shield currently unavailable)
rPois  .         Gourm    .     (helmet restricted)
rElec  .         Spirit   .     (no cloak)
rCorr  .         Warding  .     (no gloves)
rMut   .         Stasis   .     (no boots)
MR     .....                    (no amulet)
Stlth  ..........               g - +4 ring of evasion
                                y - ring of protection from fire

@: not resistant to hostile enchantments, extremely unstealthy
A: retaliatory headbutt, hooves 1, horns 2, icy blue scales 1, blink, screaming
1, strong 1, evolution 1
a: Blink, Berserk, Trog's Hand, Brothers in Arms, Burn Spellbooks, Renounce
Religion, Evoke Blink


You were on level 15 of the Dungeon.
You worshipped Trog.
Trog was greatly pleased with you.
You were not hungry.

You visited 1 branch of the dungeon, and saw 15 of its levels.
You also visited: Ossuary.

You collected 903 gold pieces.

Inventory:

Hand Weapons
 m - a +0 great sword
 p - the +9 glaive of Law (weapon) {holy, +Blink rN+ Str+3}
   (You took it off a deep elf fighter on level 12 of the Dungeon)

   It has been blessed by the Shining One to cause great damage to the undead
   and demons.
   It affects your strength (+3).
   It protects you from negative energy.
   It lets you blink.
 q - a +0 rapier of flaming
 t - a +1 falchion of electrocution
 x - a +0 dire flail of crushing
 D - a +2 long sword of freezing
 J - a +1 war axe of chopping
 K - a +1 spear of piercing
 N - the +7 mace of Moderation {drain, MR+ MP+9 Dex-5}
   (You found it on level 11 of the Dungeon)

   A truly terrible weapon, it drains the life of those it strikes.
   It affects your dexterity (-5).
   It affects your resistance to hostile enchantments.
   It affects your magic capacity (+9).
Missiles
 Y - 2 steel tomahawks (quivered)
Armour
 b - a +5 plate armour (worn)
 c - a +0 shield
Jewellery
 g - a +4 ring of evasion (right hand)
 h - an uncursed ring of ice
 y - a ring of protection from fire (left hand)
 A - an uncursed ring of invisibility
 Q - a +4 ring of protection
Wands
 n - a wand of enslavement (8)
 r - a wand of magic darts (13)
 w - a wand of draining (7)
 G - a wand of heal wounds (0)
 H - a wand of draining (7)
 I - a wand of enslavement (8)
 L - a wand of digging (11)
 M - a wand of draining (6)
 X - a wand of cold (0)
Scrolls
 a - a scroll of immolation {unknown}
 f - 2 scrolls of enchant weapon {unknown}
 o - 3 scrolls of remove curse
 s - 2 scrolls of magic mapping
 u - a scroll of recharging {unknown}
 z - a scroll of fog {unknown}
 B - 2 scrolls of teleportation
 E - a scroll of noise {unknown}
 R - a scroll of summoning {unknown}
 S - a scroll of random uselessness {unknown}
 T - a scroll of blinking
 W - a scroll of vulnerability {unknown}
Potions
 d - 2 potions of might
 e - 2 potions of haste
 i - 3 potions of lignification
 j - 5 potions of curing
 l - 4 potions of agility
 C - 4 potions of heal wounds
 F - 7 potions of flight
 O - 4 potions of invisibility {unknown}
 U - 4 potions of brilliance {unknown}
 V - 3 potions of degeneration {unknown}
Miscellaneous
 k - a box of beasts {used: 1}
Comestibles
 v - 2 meat rations
 P - 8 bread rations
 Z - 9 chunks of flesh


   Skills:
 + Level 10.3 Fighting
 - Level 5.0(8.3) Short Blades
 - Level 11.2(11.6) Long Blades
 - Level 7.0 Maces & Flails
 * Level 0.0 Polearms
 - Level 7.2 Throwing
 + Level 12.2 Armour
 - Level 6.1 Dodging
 - Level 1.5 Stealth
 + Level 12.3 Shields
 - Level 0.6 Evocations


You had 12 spell levels left.
You didn't know any spells.

Dungeon Overview and Level Annotations

Branches:
Dungeon (15/15)            Temple (0/1) D:7            Lair (0/8) D:8
    Orc (0/4) D:9          Depths (0/5) D:15
 Vaults: D:13-14

Altars:
Cheibriados
Elyvilon
Fedhas
Gozag
Nemelex Xobeh
Ru
Sif Muna
Trog
Xom
Yredelemnul
Zin
The Shining One
Beogh

Shops:
D:4 :   D:13 !

Annotations:
D:5 gorblad's ghost, novice DsFi
D:13 Maud


Innate Abilities, Weirdness & Mutations

You reflexively headbutt those who attack you in melee.
You have a pair of horns on your head.
You have large cloven feet.
You are partially covered in icy blue scales (AC +1).
You can translocate small distances at will.
You occasionally shout uncontrollably at your foes.
Your muscles are strong. (Str +2)
You evolve.


Message History

The fire giant is heavily wounded.
The fire giant hits you with a great sword of flaming!!
* * * LOW HITPOINT WARNING * * *
The fire giant burns you.
* * * LOW HITPOINT WARNING * * *
You slash the fire giant! Your kick misses the fire giant.
The fire giant is severely wounded.
The fire giant gestures at you while chanting.
The fireball explodes!
The fireball engulfs you! You resist.
* * * LOW HITPOINT WARNING * * *
The fireball engulfs the fire giant.
The fire giant resists.
You hear a horrible gurgling sound! x2
You hear a shout!
You hear a horrible gurgling sound!
You hear a shout!
You catch the helpless fire giant momentarily off-guard.
You slash the fire giant!
You kick the fire giant, but do no damage.
You headbutt the fire giant!
The fire giant is almost dead.
The fire giant hits you with a great sword of flaming!!
You die...

##########...≈≈§≈§§≈≈≈...#
............≈≈§≈...≈≈≈≈..#
##########.§.#≈≈.>.≈≈#)..#
##§≈≈§≈...§≈≈≈...
#..§≈§§.≈§≈≈..
#.§.#≈.≈§≈#§≈.
#....≈≈§§§....
##..§..§..≈..#
##...@C§...# #####.#####
... ####


You could see a fire giant.

Vanquished Creatures
  Frances (D:13)
  2 centaur warriors
  2 hydras
  2 deep elf knights
  An unseen horror (D:10)
  2 hill giants
  A deep elf conjurer (D:12)
  3 ugly things (D:13)
  A hornet (D:15)
  4 cyclopes
  A centaur zombie (D:14)
  A gargoyle (D:11)
  2 kobold demonologists (D:13)
  3 trolls
  2 slime creatures (D:15)
  A two-headed ogre (D:12)
  A trapdoor spider (D:14)
  A shadow (D:13)
  9 yaks
  A water elemental (D:14)
  A spriggan (D:7)
  2 basilisks (D:14)
  2 mottled dragons
  4 vampire mosquitoes
  3 hippogriffs
  3 hungry ghosts
  8 deep elf fighters (D:12)
  5 sky beasts
  Duvessa (D:6)
  A water moccasin (D:7)
  4 black bears
  2 ice beasts
  6 ogres
  7 orc warriors
  2 eyes of draining
  A necrophage (D:9)
  2 phantoms
  8 centaurs
  3 wyvern zombies
  A big kobold (D:9)
  9 giant frogs
  Dowan (D:6)
  A wyvern skeleton (D:9)
  11 killer bees
  7 scorpions
  14 wights
  9 crimson imps
  2 quasits
  A gnoll shaman (D:8)
  3 centaur skeletons
  2 jellies
  8 orc priests
  A wyvern simulacrum (D:14)
  7 hounds
  A giant frog skeleton (D:8)
  7 worker ants
  5 iguanas
  12 orc wizards
  4 sheep (D:14)
  2 hound zombies
  2 worker ant zombies
  A mummy (D:6)
  4 gnolls (D:8)
  A hound skeleton (D:6)
  17 adders
  5 shadow imps
  An ooze (D:4)
  An adder zombie (D:7)
  An adder skeleton (D:5)
  3 worms
  4 giant geckos
  46 orcs
  A ball python (D:3)
  10 bats
  8 giant cockroaches
  12 goblins
  11 hobgoblins
  5 quokkas
  A ball python skeleton (D:5)
  A giant gecko zombie (D:5)
  A giant newt (D:1)
  A goblin skeleton (D:4)
  2 goblin zombies (D:4)
  5 hobgoblin zombies (D:4)
  10 jackals
  16 kobolds
  2 kobold skeletons (D:4)
  A kobold zombie (D:4)
  An orc zombie (D:4)
  7 rats
395 creatures vanquished.

Vanquished Creatures (collateral kills)
  The ghost of gorblad the Blocker, a novice GrFi of Okawaru (D:11)
  A deep elf knight (D:12)
  A deep elf mage (D:12)
  A deep elf fighter (D:12)
  A giant frog (D:12)
  A worker ant (D:12)
6 creatures vanquished.

Vanquished Creatures (others)
  An orc wizard (D:13)
1 creature vanquished.

Grand Total: 402 creatures vanquished

Notes
Turn   | Place    | Note
--------------------------------------------------------------
     0 | D:1      | fredomojojo the Minotaur Fighter began the quest for the Orb.
     0 | D:1      | Reached XP level 1. HP: 19/19 MP: 0/0
   229 | D:1      | Reached XP level 2. HP: 24/27 MP: 1/1
   339 | D:1      | Reached skill level 4 in Armour
   665 | D:1      | Reached XP level 3. HP: 33/33 MP: 2/2
   797 | D:2      | Found a deep blue altar of Sif Muna.
   803 | D:2      | Found a bloodstained altar of Trog.
   810 | D:2      | Became a worshipper of Trog the Wrathful
   899 | D:2      | Reached skill level 1 in Dodging
   978 | D:2      | Found a shimmering altar of Xom.
  1097 | D:2      | Reached XP level 4. HP: 39/41 MP: 3/3
  1576 | D:2      | Found a glowing silver altar of Zin.
  1754 | D:3      | Reached * piety under Trog
  2136 | D:4      | Reached XP level 5. HP: 47/47 MP: 4/4
  2155 | D:4      | Found Hianwage's Book Shoppe.
  2252 | D:4      | Reached skill level 1 in Throwing
  2313 | D:4      | Found a glowing golden altar of the Shining One.
  2342 | D:4      | Reached skill level 5 in Shields
  2361 | D:4      | Reached XP level 6. HP: 52/55 MP: 5/5
  2474 | D:4      | Reached skill level 5 in Fighting
  2532 | D:4      | Noticed an ogre
  2539 | D:4      | Killed an ogre
  2539 | D:4      | Reached skill level 5 in Armour
  2572 | D:4      | Noticed an ogre
  2577 | D:4      | Killed an ogre
  2577 | D:4      | Reached ** piety under Trog
  2577 | D:4      | Reached XP level 7. HP: 61/61 MP: 6/6
  2702 | D:4      | Found a basalt altar of Yredelemnul.
  2762 | D:5      | Entered Level 5 of the Dungeon
  2800 | D:5      | Noticed gorblad's ghost (novice DsFi)
  2821 | D:5      | Reached skill level 5 in Long Blades
  3153 | D:5      | Found a sand-covered staircase.
  3158 | Ossuary  | Entered an ossuary
  3162 | Ossuary  | Noticed Denapoli's ghost (novice MiFi)
  3242 | D:5      | Reached skill level 6 in Armour
  3242 | D:5      | Reached XP level 8. HP: 57/70 MP: 7/7
  3306 | D:5      | Found a sacrificial altar of Ru.
  3657 | D:5      | Reached skill level 1 in Short Blades
  3700 | D:6      | Reached skill level 1 in Stealth
  3951 | D:6      | Gained mutation: You are resistant to electric shocks. [mutagenic meat]
  3952 | D:6      | Gained mutation: Your muscles are strong. (Str +2) [mutagenic meat]
  3953 | D:6      | Gained mutation: You have large cloven feet. [mutagenic meat]
  3954 | D:6      | Gained mutation: You occasionally shout uncontrollably at your foes. [mutagenic meat]
  4102 | D:6      | Reached skill level 7 in Armour
  4241 | D:6      | Found a snail-covered altar of Cheibriados.
  4318 | D:6      | Noticed Dowan
  4319 | D:6      | Noticed Duvessa
  4333 | D:6      | Killed Duvessa
  4333 | D:6      | Reached XP level 9. HP: 76/78 MP: 8/8
  4337 | D:6      | Killed Dowan
  4410 | D:6      | Reached *** piety under Trog
  4546 | D:7      | Found a staircase to the Ecumenical Temple.
  5237 | D:7      | Reached skill level 8 in Armour
  5595 | D:8      | Reached skill level 5 in Dodging
  5697 | D:8      | Found a sparkling altar of Nemelex Xobeh.
  5742 | D:8      | Found an opulent altar of Gozag.
  5744 | D:8      | Found a white marble altar of Elyvilon.
  6018 | D:8      | Found a staircase to the Lair.
  6162 | D:9      | Reached skill level 9 in Shields
  6162 | D:9      | Reached XP level 10. HP: 88/88 MP: 9/9
  6255 | D:9      | Received a gift from Trog
  6453 | D:9      | Found a staircase to the Orcish Mines.
  6531 | D:9      | Found a roughly hewn altar of Beogh.
  6541 | D:9      | Received a gift from Trog
  6544 | D:9      | Reached **** piety under Trog
  7124 | D:10     | Entered Level 10 of the Dungeon
  7236 | D:10     | Killed an unseen horror
  7508 | D:10     | Found a blossoming altar of Fedhas.
  7519 | D:10     | Reached skill level 10 in Armour
  7752 | D:10     | Noticed a hill giant
  7764 | D:10     | Killed a hill giant
  7764 | D:10     | Reached skill level 5 in Throwing
  7764 | D:10     | Reached XP level 11. HP: 95/95 MP: 10/10
  7813 | D:10     | Reached skill level 10 in Shields
  8257 | D:11     | Noticed gorblad's ghost (novice GrFi)
  8301 | D:11     | Killed gorblad's ghost
  8495 | D:11     | Noticed a seven-headed hydra
  8504 | D:11     | Killed a seven-headed hydra
  8504 | D:11     | Reached skill level 5 in Short Blades
  8590 | D:11     | Got a slimy mace
  8591 | D:11     | Identified the +7 mace of Moderation {drain, MR+ MP+9 Dex-5} (You found it on level 11 of the Dungeon)
  9173 | D:11     | Reached skill level 1 in Maces & Flails
  9930 | D:12     | Noticed a six-headed hydra
  9947 | D:12     | Killed a six-headed hydra
 10021 | D:12     | Reached skill level 11 in Shields
 10204 | D:12     | Noticed a deep elf knight
 10206 | D:12     | Reached ***** piety under Trog
 10628 | D:12     | Noticed a deep elf knight
 10911 | D:12     | Noticed a deep elf knight
 10917 | D:12     | Killed a deep elf knight
 11415 | D:12     | Noticed a deep elf knight
 11438 | D:12     | Killed a deep elf knight
 11438 | D:12     | Reached XP level 12. HP: 38/104 MP: 11/11
 11449 | D:12     | Got a crystal glaive {holy}
 11555 | D:13     | Gained mutation: You are partially covered in icy blue scales (AC +1). [a neqoxec]
 11574 | D:13     | Noticed a centaur warrior
 11592 | D:13     | Killed a centaur warrior
 11635 | D:13     | Reached skill level 5 in Maces & Flails
 11725 | D:13     | Reached skill level 10 in Long Blades
 11733 | D:13     | Noticed Maud
 11962 | D:13     | Gained mutation: You are frail (-10% HP). [potion of mutation]
 11962 | D:13     | Gained mutation: Your mind is acute. (Int +2) [potion of mutation]
 11966 | D:13     | Noticed Frances
 11983 | D:13     | Killed Frances
 12017 | D:13     | Received a gift from Trog
 12110 | D:13     | Found Xiuteix's Distillery.
 12219 | D:14     | Found a snail-covered altar of Cheibriados.
 12448 | D:14     | Reached skill level 12 in Armour
 12517 | D:14     | Killed a deep elf knight
 12555 | D:14     | Reached skill level 10 in Fighting
 13125 | D:15     | Entered Level 15 of the Dungeon
 13201 | D:15     | Noticed a fire giant
 13202 | D:15     | Found a staircase to the Depths.
 13228 | D:15     | Lost mutation: You are frail (-10% HP). [mutagenic meat]
 13229 | D:15     | Gained mutation: You evolve. [mutagenic meat]
 13230 | D:15     | Lost mutation: Your mind is acute. (Int +2) [mutagenic meat]
 13231 | D:15     | Gained mutation: You can translocate small distances at will. [mutagenic meat]
 13232 | D:15     | Lost mutation: You are resistant to electric shocks. [mutagenic meat]
 13267 | D:15     | Found a blossoming altar of Fedhas.
 13323 | D:15     | Noticed a centaur warrior
 13338 | D:15     | Killed a centaur warrior
 13338 | D:15     | Reached XP level 13. HP: 88/114 MP: 12/12
 13353 | D:15     | Identified the +9 glaive of Law {holy, +Blink rN+ Str+3} (You took it off a deep elf fighter on level 12 of the Dungeon)
 13444 | D:15     | Mangled by a fire giant

Action                   |  1- 3 |  4- 6 |  7- 9 | 10-12 | 13-15 || total
-------------------------+-------+-------+-------+-------+-------++-------
Melee: Long sword        |   111 |   144 |   147 |   350 |       ||   752
       Rapier            |       |       |   193 |   493 |       ||   686
       Falchion          |       |       |    47 |    32 |       ||    79
       Mace              |       |       |       |    64 |       ||    64
       Glaive            |       |       |       |       |     5 ||     5
Throw: Stone             |     2 |    29 |    18 |       |       ||    49
       Tomahawk          |       |       |    25 |    86 |       ||   111
       Javelin           |       |       |       |    31 |       ||    31
Invok: Berserk           |       |     1 |     2 |     4 |       ||     7
       Trog's Hand       |       |       |     2 |    11 |       ||    13
       Burn Spellbooks   |       |       |     2 |     3 |       ||     5
       Brothers in Arms  |       |       |       |     5 |       ||     5
 Abil: Blink             |       |       |       |       |     1 ||     1
Evoke: Wand              |       |       |       |     3 |     3 ||     6
       Box of beasts     |       |       |       |     1 |       ||     1
  Use: Scroll            |       |       |     5 |    16 |       ||    21
       Potion            |       |       |       |     7 |       ||     7
 Stab: Distracted        |       |       |       |     1 |     1 ||     2
  Eat: Chunk             |     1 |     1 |     8 |    21 |     1 ||    32
       Bread ration      |       |     1 |     1 |       |       ||     2
       Pizza             |       |       |     1 |       |       ||     1
       Meat ration       |       |       |     1 |     3 |       ||     4
       Beef jerky        |       |       |       |     2 |       ||     2
